Map: Orbital Shipyard

Players

LilDicky - Winner!

  • Race: Terran Terran
  • League: Diamond

Terranosaurs

  • Race: Terran Terran
  • League: Diamond

VOD

http://www.twitch.tv/tumescentpie

Description

Time

  • Played on: Dec. 7, 2015, 1:52 p.m.
  • Length: 5:43
Show
View Real Time Build Order
Export as new Build Order

LilDicky Terran - Winner!

Build Orders: Banshee Rush 

Get SALT Encoding   

  12  0:02  SCV  
  13  0:14  SCV  
  13  0:19  Supply Depot  
  14  0:26  SCV  
  15  0:30  Refinery  
  15  0:40  SCV  
  16  0:45  Barracks  
  16  0:53  SCV  
  17  1:05  SCV  
  18  1:18  SCV  
  19  1:32  Reaper  
  20  1:33  Orbital Command  
  20  1:35  Supply Depot, Refinery  
  19  1:55  Factory  
  19  2:04  Marine  
  20  2:11  SCV  
  20  2:15  Supply Depot  
  21  2:22  Marine  
  22  2:33  SCV  
  23  2:39  Factory Tech Lab  
  23  2:40  Marine  
  23  2:41  Starport  
  24  2:45  SCV  
  25  2:57  Marine  
  26  3:10  Hellion  
  28  3:15  Marine  
  27  3:30  Supply Depot  
  27  3:33  Marine  
  28  3:35  SCV  
  28  3:37  Banshee  
  28  3:38  Cloaking Field  
  28  3:39  Widow Mine  
  34  3:47  SCV  
  35  3:55  Marine  
  31  4:17  Marine  
  32  4:28  Banshee  
  35  4:33  Factory Tech Lab  
  35  4:34  SCV  
  35  4:35  Marine  
  37  4:41  Command Center  
  37  4:44  Supply Depot  
  37  4:46  SCV  
  38  4:55  Siege Tank  
  44  5:17  SCV, Marine  
Show
View Real Time Build Order
Export as new Build Order

Terranosaurs Terran 

Build Orders:  

Get SALT Encoding   

  12  0:00  SCV  
  13  0:13  SCV  
  14  0:22  Supply Depot  
  14  0:25  SCV  
  15  0:44  SCV  
  15  0:45  Barracks  
  15  0:48  Refinery  
  16  1:03  Barracks  
  16  1:05  SCV  
  17  1:40  Orbital Command  
  17  1:42  Reaper  
  17  1:43  Refinery  
  17  1:44  Supply Depot  
  18  1:50  Reaper  
  19  2:00  Barracks  
  19  2:07  SCV  
  20  2:14  Reaper  
  21  2:22  Reaper  
  22  2:23  SCV  
  23  2:35  SCV  
  24  2:46  Reaper  
  24  2:48  SCV, Reaper  
  27  2:56  Reaper  
  28  3:00  SCV  
  29  3:07  Factory  
  29  3:12  SCV  
  29  3:26  SCV  
  29  3:38  SCV  
  26  4:30  Widow Mine  
  26  4:31  Starport  
  27  4:38  Factory  
  27  4:40  Engineering Bay  
  27  4:41  Marine  
  27  4:45  SCV  
  29  4:57  SCV  
  29  4:59  Marine  
  31  5:11  SCV  
  30  5:26  Missile Turret  
Tags
 
Add a new tag
Caveats
  • Supply blocks, unpowered buildings, or Contaminate may cause inaccurate times.
  • Supply counts are checked every 10 seconds.